 Dungeon Crawl Stone Soup version 0.27-a0-1597-ge58577e147 (webtiles) character file.

Game seed: 15457176383764677672

23 Lusmu the Chiller (level 2, -7/22 HPs)
             Began as a Naga Ice Elementalist on July 21, 2021.
             Mangled by a gnoll (9 damage)
             ... on level 1 of the Dungeon.
             The game lasted 00:04:10 (799 turns).

Lusmu the Chiller (Naga Ice Elementalist)            Turns: 799, Time: 00:04:11

Health: -7/22      AC:  1    Str: 10    XL:     2   Next: 95%
Magic:  5/5        EV: 10    Int: 15    God:
Gold:   36         SH:  0    Dex: 11    Spells: 4/5 levels left

rFire    . . .     SeeInvis +   f - +0 dagger
rCold    . . .     Faith    .   (no shield)
rNeg     . . .     Spirit   .   a - +0 robe
rPois    +         Reflect  .   (no helmet)
rElec    .         Harm     .   (no cloak)
rCorr    .         Rampage  .   (no gloves)
Will     .....                  (no barding)
Stlth    ++........             (no amulet)
HPRegen  0.07/turn              (no ring)
MPRegen  0.09/turn              (no ring)

@: about to teleport, very slow
A: AC +0, large, see invisible, deformed body, poison resistance, slowness 2,
spit poison 1, naga tail 1
a: Spit Poison


You were on level 1 of the Dungeon.
You visited 1 branch of the dungeon, and saw 1 of its levels.

You collected 36 gold pieces.

Inventory:

Hand Weapons
 f - a +0 dagger (weapon)
Missiles
 g - 9 arrows
Armour
 a - a +0 robe (worn)
 e - a +0 leather armour
Scrolls
 c - a scroll of immolation {unknown}
 d - a scroll of identify {unknown}
Potions
 h - a potion of curing {unknown}


   Skills:
 - Level 1.7 Dodging
 * Level 3.2 Stealth
 + Level 2.2 Spellcasting
 + Level 4.5 Ice Magic


You had 4 spell levels left.
You knew the following spells:

 Your Spells              Type           Power      Damage    Failure   Level
a - Freeze                Ice            60%        1d8       3%          1

Your spell library contained the following spells:

 Spells                   Type           Power      Damage    Failure   Level
 Frozen Ramparts          Ice            30%        1d5       10%         3
 Ozocubu's Armour         Ice            15%        N/A       10%         3
 Hailstorm                Conj/Ice       8%         3d4       65%         4


Dungeon Overview and Level Annotations

Branches:
Dungeon (1/15)

Altars:


Innate Abilities, Weirdness & Mutations

Your serpentine skin is tough. (AC +0)
You have supernaturally acute eyesight. (SInv)
Armour fits poorly on your strangely shaped body.
Your system is resistant to poisons. (rPois)
You cover ground very slowly.
You can spit poison.
You have a snake-like lower body.


Message History

Casting: Freeze (safe; 3% risk of failure)
Confirm with . or Enter, or press ? or * to list all spells.
Aiming: Freeze (safe; 3% risk of failure)
Press: ? - help, Shift-Dir - straight line, f - quokka
Aim: a quokka You freeze the quokka!
You kill the quokka!
Casting: Freeze (safe; 3% risk of failure)
Confirm with . or Enter, or press ? or * to list all spells.
Okay, then.
You start resting.
Magic restored.
You start resting.
HP restored.
You see here a quokka corpse.
The helpless endoplasm fails to defend itself.
You puncture the endoplasm!
You kill the endoplasm!
The gnoll shouts!
Found a scroll labelled PEIXKY NIEC.
The jackal barks!
The gnoll hits you from afar with a +0 spear!
The jackal barks!
You barely miss the jackal.
The gnoll hits you from afar with a +0 spear.
The jackal bites you.
As you read the scroll labelled NOCOUD UFEIPTO, it crumbles to dust.
You feel strangely unstable.
It was a scroll of teleportation.
The jackal barely misses you. The gnoll hits you but does no damage.
The jackal barely misses you.
The jackal completely misses you. x2; The gnoll barely misses you.
The jackal bites you. The jackal closely misses you.
The gnoll hits you from afar with a +0 spear.
* * * LOW HITPOINT WARNING * * *
The jackal barks!
The jackal bites you.
* * * LOW HITPOINT WARNING * * *
The jackal barely misses you.
The gnoll hits you from afar with a +0 spear!
You die...

≈♣♣≈#......................#.
≈PP≈#.####................##
≈♣♣≈#.# ####...###......##
≈PP≈#.# #..#.# ###.#...#
≈♣P≈#.# #.##.# .......#
≈≈≈≈#.# ##.##.####.......#
#####.# ##..#g.............
......####..##..........
...##......###.h@.......
......########(hh...####
...##...............#
...###########......# ...#
#......# ...# #.....># ...#
#?.....# #### ########


You could see a gnoll and 3 jackals.

Vanquished Creatures
  A dart slug (D:1)
  A ball python (D:1)
  2 endoplasms (D:1)
  A giant cockroach (D:1)
  2 hobgoblins (D:1)
  4 jackals (D:1)
  A quokka (D:1)
  2 bats (D:1)
  A frilled lizard (D:1)
  2 kobolds (D:1)
  A rat (D:1)
18 creatures vanquished.

Vanquished Creatures (others)
  A plant (D:1)
1 creature vanquished.

Grand Total: 19 creatures vanquished

Notes
Turn   | Place    | Note
-------+----------+-------------------------------------------
     0 | D:1      | Lusmu the Naga Ice Elementalist began the quest for the
                  | Orb.
     0 | D:1      | Reached XP level 1. HP: 15/15 MP: 3/3
   235 | D:1      | Reached XP level 2. HP: 16/22 MP: 0/5
   430 | D:1      | Found a faded altar of an unknown god.
   799 | D:1      | Mangled by a gnoll

Illustrated notes

Levels and vault maps discovered:
D:1:      lightli_arrival_farm, layout_rooms, hellmonk_ecumenical_altar_run_dry

Action                   || total
-------------------------++-------
Melee: Unarmed           ||     9
       Dagger            ||     4
 Cast: Freeze            ||    17
 Abil: Spit Poison       ||     4
  Use: Scroll            ||     1
 Stab: Sleeping          ||     1
Armor: Robe              ||     8
Dodge: Dodged            ||    27

Table legend: (Time is in decaauts)
 A = Elapsed time spent in this place.
 B = Non-inter-level travel time spent in this place.
 C = Inter-level travel time spent in this place.
 D = Time resting spent in this place.
 E = Time spent auto-exploring this place.
 F = Levels seen in this place.
 G = Mean time per level.
                   A        B        C        D        E       F      G
               +--------+--------+--------+--------+--------+-----+--------+
         Total |   1026 |   1026 |      0 |    248 |    240 |   1 | 1026.0 |
       Dungeon |   1026 |   1026 |      0 |    248 |    240 |   1 | 1026.0 |
               +--------+--------+--------+--------+--------+-----+--------+

Top non-repeatable levels by time:
     D:1: 1026 daAuts
